 Dungeon Crawl Stone Soup version 0.31.0-11-ge490571c62 (webtiles) character file.

Game seed: 4388048293405334857

2 qw the Shooter (level 1, -1/10 HPs)
             Began as a Spriggan Hunter on Feb 4, 2024.
             Slain by a goblin
             ... wielding a +0 dagger
              (3 damage)
             ... on level 1 of the Dungeon.
             The game lasted 00:00:00 (32 turns).

qw the Shooter (Spriggan Hunter)                      Turns: 32, Time: 00:00:00

Health: -1/10      AC:  2    Str:  7    XL:     1   Next: 33%
Magic:  2/2        EV: 18    Int: 10    God:
Gold:   0          SH:  0    Dex: 18    Spells: 0/0 levels left

rFire   . . .        a - +0 shortbow
rCold   . . .        (shield currently unavailable)
rNeg    . . .        c - +0 robe
rPois   .            (helmet restricted)
rElec   .            (no cloak)
rCorr   .            (gloves unavailable)
SInv    +            (boots unavailable)
Will    .....        (no amulet)
Stlth   ++           (no ring)
HPRegen 0.21/turn    (no ring)
MPRegen 0.08/turn

%: no passive effects
@: very quick
A: very small, no large weapons, unfitting armour, see invisible, speed 3
a: no special abilities


You were on level 1 of the Dungeon.
You visited 1 branch of the dungeon, and saw 1 of its levels.


Innate Abilities, Weirdness & Mutations

You are very small and have problems with some larger weapons.
You are too small for most types of armour.
You have supernaturally acute eyesight. (SInv)
You cover ground extremely quickly. (Speed+++)


   Skills:
 - Level 1.5 Fighting
 - Level 4.0 Ranged Weapons
 + Level 3.1 Dodging
 - Level 1.5 Stealth


You couldn't memorise any spells.
You didn't know any spells.
Your spell library was empty.

Inventory:

Hand Weapons
 a - a +0 shortbow (weapon)
Armour
 c - a +0 robe (worn)
Scrolls
 b - a scroll of butterflies

Dungeon Overview and Level Annotations

Branches:
Dungeon (1/15)

Altars:


Message History

The kobold shouts!
You shoot an arrow.
The arrow hits the kobold but does no damage.
You shoot an arrow.
The arrow hits the endoplasm but does no damage.
The endoplasm hits you. The kobold closely misses you.
The endoplasm freezes you.
You are frozen.
Ouch! That really hurt!
You shoot an arrow. The arrow hits the endoplasm.
The endoplasm is lightly wounded.
A dart slug comes into view.
The kobold closely misses you. The endoplasm misses you.
You shoot an arrow. The arrow hits the endoplasm!
You kill the endoplasm!
The goblin hits you but does no damage. The kobold misses you.
You shoot an arrow. The arrow hits the kobold.
You kill the kobold!
The goblin hits you with a +0 dagger.
Your Dodging skill increases to level 3!
You shoot an arrow. The arrow closely misses the goblin.
The goblin barely misses you.
You shoot an arrow. The arrow closely misses the goblin.
The arrow hits the dart slug but does no damage.
The goblin closely misses you. The goblin hits you with a +0 dagger.
You shoot an arrow. The arrow hits the goblin.
The goblin is heavily wounded.
The goblin completely misses you.
You shoot an arrow. The arrow misses the goblin.
The dart slug briefly extends its eye-stalks.
The goblin hits you with a +0 dagger.
You shoot an arrow. The arrow barely misses the goblin.
The goblin hits you with a +0 dagger. The dart slug launches a dart at you.
The slug dart misses you.
You shoot an arrow. The arrow barely misses the goblin.
The goblin completely misses you. The dart slug closely misses you.
You shoot an arrow. The arrow barely misses the goblin.
The goblin hits you with a +0 dagger.
You die...

#7...#\#.#.#
#7........#\#. #
#...7......... #.
#7................ #.
#.................
####.. #................
......##...^..8.....7...
......g#\#..............
......w@###7............
####...## #......[.....
#... #............ #...
#7..7......<. #...
#...........# #...
##.7....7..## #...
########### ....


You could see a dart slug and a goblin.

Vanquished Creatures
  An endoplasm (D:1)
  A kobold (D:1)
2 creatures vanquished.

Notes
Turn   | Place    | Note
-------+----------+-------------------------------------------
     0 | D:1      | qw the Spriggan Hunter began the quest for the Orb.
     0 | D:1      | Reached XP level 1. HP: 10/10 MP: 2/2
     0 | D:1      | 0 ||| qw: Version: 0.3-a-160-g6735b56
     0 | D:1      | 0 ||| qw: Game counter: 4802
     0 | D:1      | 0 ||| qw: Melee chars always use a shield: true
     0 | D:1      | 0 ||| qw: God list: Okawaru
     0 | D:1      | 0 ||| qw: Allow faded altars: false
     0 | D:1      | 0 ||| qw: Do Orc after clearing Dungeon:15 true
     0 | D:1      | 0 ||| qw: Do second Lair branch before Depths: true
     0 | D:1      | 0 ||| qw: Lair rune preference: random
     0 | D:1      | 0 ||| qw: Goals: Normal
     0 | D:1      | 0 ||| PLANNING D:1-11
    26 | D:1      | Reached skill level 3 in Dodging
    30 | D:1      | HP: 2/10 [goblin/+0 dagger (1)]
    32 | D:1      | Slain by a goblin

Levels and vault maps discovered:
D:1:      nzn_arrival_settlement, layout_loops_cross, serial_bayou_pond_b

Skill      XL: |  1 |
---------------+----+-----
Dodging        | 3 |  3.1
Fighting       | |  1.5
Ranged Weapons | |  4.0
Stealth        | |  1.5

Action                     || total
---------------------------++-------
   Fire: Shortbow          ||    13
 Armour: Robe              ||     7
  Dodge: Dodged            ||    10

Table legend:
 A = Non-vault XP
 B = Vault XP
 C = Vault XP percentage of total XP
 D = Non-vault monster count
 E = Vault monster count
 F = Vault count percentage of total count
                 A         B        C        D         E       F
            +---------+---------+-------+---------+---------+-------
      Total |       4 |       0 |   0.0 |       2 |       0 |   0.0
            +---------+---------+-------+---------+---------+-------
        D:1 |       4 |       0 |   0.0 |       2 |       0 |   0.0
            +---------+---------+-------+---------+---------+-------
